 Dungeon Crawl Stone Soup version 0.30-a0-373-gd37427bb62 (webtiles) character file.

Game seed: 13481264220153558874

387 mopl the Insei (level 7, -2/47 HPs)
             Began as a Djinni Transmuter on Nov 24, 2022.
             Was an Initiate of Okawaru.
             Slain by an ogre
             ... wielding a +0 giant club
              (17 damage)
             ... on level 4 of the Dungeon.
             The game lasted 00:05:16 (3337 turns).

mopl the Insei (Djinni Transmuter)                  Turns: 3337, Time: 00:05:17

Health: -2/47      AC:  2    Str: 11    XL:     7   Next: 6%
Gold:   117        EV: 19    Int: 14    God:    Okawaru [......] SH:  5 Dex: 19

rFire   . . .      SeeInvis .      - Unarmed
rCold   . . .      Faith    .    (shield currently unavailable)
rNeg    . . .      Spirit   .    (body armour currently unavailable)
rPois   ∞          Reflect  +    (helmet currently unavailable)
rElec   .          Harm     .    (cloak currently unavailable)
rCorr   +          Rampage  .    (gloves currently unavailable)
Will    .....                    (boots unavailable)
Stlth   ++........               p - amulet of reflection
HPRegen 0.27/turn                j - ring of resist corrosion
MPRegen 0.00/turn                (no ring)

@: spider-form, flying
A: venomous fangs, flying, sickness immunity, tiny, (fire resistance 2), (cold
vulnerability 1), float, innate caster, HP casting, extra vitality 1
a: End Transformation, Renounce Religion


You were on level 4 of the Dungeon.
You worshipped Okawaru.
Okawaru was noncommittal.
You were a venomous arachnid creature.
You visited 2 branches of the dungeon, and saw 5 of its levels.

You collected 117 gold pieces.

Inventory:

Hand Weapons
 x - the +8 flail of Understanding (melded) {freeze, rC+ Str+3 Stlth+}
   (You found it on level 4 of the Dungeon)

   It freezes those it strikes, dealing additional cold damage.
   It can also slow down cold-blooded creatures.
   Str:       It affects your strength (+3).
   rC:        It protects you from cold.
   Stlth:     It makes you more stealthy.
Missiles
 i - 5 atropa-tipped darts
 l - 6 poisoned darts
 w - a throwing net
Armour
 a - a +0 robe (melded)
 o - a +0 cloak (melded)
 A - a +0 pair of gloves (melded)
Jewellery
 j - a ring of resist corrosion (left front leg)
 p - an amulet of reflection (around neck)
 r - a ring of protection from fire
Wands
 y - a wand of acid (4)
Scrolls
 c - a scroll of enchant weapon {unknown}
 d - 2 scrolls of magic mapping {unknown}
 e - a scroll of poison {unknown}
 f - a scroll of blinking {unknown}
 g - 3 scrolls of identify
 k - a scroll of amnesia {unknown}
 m - a scroll of fear {unknown}
 t - a scroll of teleportation {unknown}
 u - 3 scrolls of immolation {unknown}
 v - 3 scrolls of enchant armour {unknown}
 z - 2 scrolls of noise {unknown}
Potions
 b - a potion of lignification {!q}
 h - 3 potions of curing
 n - 2 potions of might
 q - a potion of resistance
 s - a potion of cancellation


   Skills:
 - Level 1.0 Fighting
 + Level 1.0 Throwing
 - Level 2.1 Dodging
 * Level 5.9 Unarmed Combat
 + Level 3.1 Spellcasting
 + Level 1.2 Invocations


You couldn't memorise any spells.
You knew the following spells:

 Your Spells              Type           Power      Damage    Failure   Level
a - Beastly Appendage     Tmut           20%        N/A       17%         1
b - Spider Form           Tmut/Pois      10%        N/A       38%         3
c - Slow                  Hex            40%        N/A       17%         1
d - Ice Form              Ice/Tmut       10%        N/A       73%         4
e - Ensorcelled Hibernat  Hex/Ice        20%        N/A       22%         2
f - Kindle Blastsparks    Fire/Tloc/Air  20%        2d11      38%         3
w - Wereblood             Tmut           10%        N/A       22%         2
Your spell library was empty.

Dungeon Overview and Level Annotations

Branches:
Dungeon (4/15)             Temple (1/1) D:4

Altars:
Ashenzari
Dithmenos
Fedhas
Gozag
Hepliaklqana
Makhleb
Okawaru
Qazlal
Ru
Trog
Uskayaw
Wu Jian
Xom
Yredelemnul

Shops:
D:2 =


Innate Abilities, Weirdness & Mutations

You are a venomous arachnid creature.
You have poisonous fangs.
You are tiny and dextrous.
You are flying.
Your spellcasting is less reliable in this form.
Your armour is entirely melded.
You are incapable of wielding weapons or throwing items.
You are immune to sickness and miasma.
You are immune to poison.
((Your flesh is very heat resistant. (rF++)))
((You are vulnerable to cold. (rC-)))
You float through the air rather than walking.
You learn spells naturally, not from books.
Your magical power is your life essence.
You have superior vitality. (+4 MHP)


Message History

The +8 flail of Understanding {freeze, rC+ Str+3 Stlth+} glows with a cold blue light!
You start resting.
HP restored.
Things that are here:
a +0 short sword; an orc corpse
There is a stone staircase leading down here.
Casting: Spider Form (dangerous; 19% risk of failure)
Confirm with . or Enter, or press ? or * to list all spells.
You miscast Spider Form.
You are very lightly contaminated with residual magic.
Nothing appears to happen.
You start resting.
Your magical contamination has completely faded away.
You start resting.
HP restored.
Casting: Spider Form (dangerous; 19% risk of failure)
Confirm with . or Enter, or press ? or * to list all spells.
You turn into a venomous arachnid creature.
The +8 flail of Understanding {freeze, rC+ Str+3 Stlth+} melds into your body.
Your +0 cloak melds into your body.
Your +0 pair of gloves melds into your body.
Your +0 robe melds into your body.
The +8 flail of Understanding {freeze, rC+ Str+3 Stlth+} stops glowing.
You fly downwards.
You block the ogre's attack.
There is a stone staircase leading up here.
You hit the ogre but do no damage.
The ogre is poisoned.
The ogre hits you with a +0 giant club!!
Ouch! That really hurt!
* * * LOW HITPOINT WARNING * * *
You are too injured to fight recklessly!
You are too injured to fight recklessly!
You hit the ogre.
The ogre is moderately wounded.
You barely miss the ogre.
The ogre is moderately wounded.
The ogre closely misses you.
You bite the ogre!
The ogre is heavily wounded.
The ogre hits you with a +0 giant club!
You die...

########..............## ##..#
...............#......## #...#
..............####.....## #...#
.#...........## ###..>.####...##
..............# ###...........
.........#....## ##............
....##...##....## ##....######...
.#####....##....###...### #...
).# ##...##...Os#...## #... ..#
#....##.......## #... ..##
##...###.....## #... ...#
#............## ##... ...##
##............#### ##...# ....##
#...............####....# .....##
#..............).......##
......###.......................#
..........................##....#


You could see an ogre (very poisoned).

Vanquished Creatures
  A scorpion (D:4)
  A hound (D:4)
  A jelly (D:4)
  A gnoll bouda (D:4)
  Terence (D:2)
  An iguana (D:3)
  6 gnolls (D:4)
  6 adders
  A worm (D:4)
  2 dart slugs
  3 orcs (D:3)
  6 ball pythons
  4 endoplasms (D:2)
  7 giant cockroaches
  5 goblins
  5 hobgoblins
  4 quokkas
  7 bats
  4 frilled lizards
  10 kobolds
  3 rats
79 creatures vanquished.

Notes
Turn   | Place    | Note
-------+----------+-------------------------------------------
     0 | D:1      | mopl the Djinni Transmuter began the quest for the Orb.
     0 | D:1      | mopl set off with the following spells memorised: Beastly
                  | Appendage, Wereblood, Spider Form, Ice Form.
     0 | D:1      | Reached XP level 1. HP: 17/17 MP: 0/0
   307 | D:1      | Reached XP level 2. HP: 22/22 MP: 0/0
   725 | D:1      | Found a faded altar of an unknown god.
   821 | D:2      | Found Lapnog's Jewellery Emporium.
   849 | D:2      | Reached XP level 3. HP: 27/27 MP: 0/0
   849 | D:2      | Learned a level 1 spell: Slow
   903 | D:2      | You are sucked into a shaft and drop 1 floor!
   928 | D:3      | Reached skill level 2 in Spellcasting
  1004 | D:3      | Reached skill level 4 in Unarmed Combat
  1025 | D:3      | Reached XP level 4. HP: 18/32 MP: 0/0
  1318 | D:3      | Found a shadowy altar of Dithmenos.
  1619 | D:2      | Noticed Terence
  1629 | D:2      | Killed Terence
  1654 | D:2      | Reached XP level 5. HP: 32/37 MP: 0/0
  1654 | D:2      | Learned a level 2 spell: Ensorcelled Hibernation
  2008 | D:3      | Found a sacrificial altar of Ru.
  2020 | D:3      | Found a hazy altar of Hepliaklqana.
  2040 | D:3      | Found a broken altar of Ashenzari.
  2439 | D:4      | Reached skill level 5 in Unarmed Combat
  2523 | D:4      | Reached XP level 6. HP: 39/42 MP: 0/0
  2536 | D:4      | Found a staircase to the Ecumenical Temple.
  2546 | Temple   | Entered the Ecumenical Temple
  2560 | Temple   | Became a worshipper of Warmaster Okawaru
  2617 | D:4      | Identified the +8 flail of Understanding {freeze, rC+ Str+3
                  | Stlth+}
  3033 | D:4      | Reached skill level 3 in Spellcasting
  3115 | D:4      | Reached skill level 1 in Invocations
  3222 | D:4      | Noticed an ogre
  3245 | D:3      | Reached skill level 1 in Throwing
  3245 | D:3      | Reached XP level 7. HP: 28/47 MP: 0/0
  3245 | D:3      | Learned a level 3 spell: Kindle Blastsparks
  3337 | D:4      | Slain by an ogre

Illustrated notes

Levels and vault maps discovered:
D:1:      lemuel_arrival_muddy, layout_basic, hellmonk_ecumenical_altar_zigzags,
          nrook_mini_backslash
D:2:      layout_rooms, serial_glass, glass_columns_a, glass_columns_c,
          serial_shops, shop, corexii_leaking_fountain, uniq_terence
D:3:      layout_basic, lemuel_doored_altar, nicolae_overflow_quartered_altars
D:4:      minmay_polygon_palace, layout_layer_cave,
          minmay_temple_entry_statues_fountains
Temple:   hellmonk_temple_two_chambers

Skill      XL: |  1  2  3  4  5  6 |
---------------+-------------------+-----
Spellcasting   | 2 3 |  3.1
Unarmed Combat | 4 5 |  5.9
Invocations    | 1 |  1.2
Throwing       | 1 |  1.0
Fighting       | |  1.0
Dodging        | |  2.1

Action                   |  1- 3 |  4- 6 |  7- 9 || total
-------------------------+-------+-------+-------++-------
Melee: Unarmed           |    87 |   151 |     6 ||   244
       Headbutt          |    13 |     6 |       ||    19
       Punch             |     2 |     6 |       ||     8
       Flail             |       |    24 |       ||    24
 Cast: Beastly Appendage |    19 |    11 |       ||    30
       Spider Form       |       |     4 |     1 ||     5
  Use: Scroll            |       |     3 |       ||     3
 Stab: Sleeping          |     2 |     4 |       ||     6
Armor: Robe              |    13 |    33 |       ||    46
Dodge: Dodged            |    56 |    92 |     2 ||   150
Block: Other             |       |    45 |     1 ||    46

Table legend: (Time is in decaauts)
 A = Elapsed time spent in this place.
 B = Non-inter-level travel time spent in this place.
 C = Inter-level travel time spent in this place.
 D = Time resting spent in this place.
 E = Time spent auto-exploring this place.
 F = Levels seen in this place.
 G = Mean time per level.
                   A        B        C        D        E       F      G
               +--------+--------+--------+--------+--------+-----+--------+
         Total |   3326 |   3220 |    106 |    383 |   2145 |   5 |  665.2 |
       Dungeon |   3307 |   3205 |    102 |    383 |   2137 |   4 |  826.8 |
        Temple |     18 |     14 |      4 |      0 |      8 |   1 |   18.0 |
               +--------+--------+--------+--------+--------+-----+--------+

Top non-repeatable levels by time:
     D:3: 1192 daAuts
     D:4: 848 daAuts
     D:1: 818 daAuts
     D:2: 448 daAuts
  Temple: 18 daAuts
